 Dungeon Crawl Stone Soup version 0.26-a0-651-gb41185065b (webtiles) character file.

Game seed: 15390729828045560081

740 Irenicus the Carver (level 7, -3/57 HPs)
             Began as a Minotaur Chaos Knight on Oct 30, 2020.
             Was a Plaything of Xom.
             Slain by a gnoll
             ... wielding a +0 flail
              (8 damage)
             ... on level 4 of the Dungeon.
             The game lasted 00:06:15 (2116 turns).

Irenicus the Carver (Minotaur Chaos Knight)         Turns: 2116, Time: 00:06:15

Health: -3/57      AC:  5    Str: 16    XL:     7   Next: 46%
Magic:  6/6        EV: 11    Int:  9    God:    Xom [..*...]
Gold:   136        SH:  0    Dex: 12    Spells: 6/6 levels left

rFire    . . .     SeeInvis .   a - +0 falchion (chaos)
rCold    . . .     Faith    .   (no shield)
rNeg     . . .     Spirit   .   b - +2 leather armour
rPois    .         Reflect  .   (helmet restricted)
rElec    .         Harm     .   (no cloak)
rCorr    .         Rampage  .   (no gloves)
MR       .....     Rnd*Tele +   (no boots)
Stlth    ++........             (no amulet)
HPRegen  0.19/turn              h - ring of teleportation (curse)
MPRegen  0.10/turn              o - ring of stealth {Stlth+}

@: brilliant
A: retaliatory headbutt, horns 2
a: Renounce Religion


You were on level 4 of the Dungeon.
You worshipped Xom.
You were a toy of Xom.
You visited 1 branch of the dungeon, and saw 4 of its levels.

You collected 136 gold pieces.

Inventory:

Hand Weapons
 a - a +0 falchion of chaos (weapon)
Armour
 b - a +2 leather armour (worn)
Jewellery
 h - a cursed ring of teleportation (left hand)
   (You found it on level 1 of the Dungeon)
 o - a ring of stealth (right hand) {Stlth+}
   (You found it on level 2 of the Dungeon)
Wands
 q - a wand of polymorph (7)
   (You took it off Ijyb on level 3 of the Dungeon)
 v - a wand of random effects (8)
   (You took it off Pikel on level 4 of the Dungeon)
Scrolls
 c - 2 scrolls of immolation {unknown}
 e - 5 scrolls of identify {unknown}
 g - a scroll of teleportation {unknown}
 l - a scroll of fear {unknown}
 m - 3 scrolls of enchant weapon {unknown}
 s - a scroll of magic mapping {unknown}
 u - a scroll of remove curse {unknown}
Potions
 d - a potion of haste {unknown}
 f - a potion of mutation {unknown}
 i - 2 potions of might
 j - 5 potions of heal wounds {unknown}
 k - 2 potions of stabbing {unknown}
 n - 2 potions of degeneration {unknown}
 p - 2 potions of berserk rage {unknown}
 r - a potion of curing {unknown}


   Skills:
 - Level 3.6 Fighting
 + Level 10.5 Long Blades
 - Level 2.4 Armour
 - Level 1.1 Dodging


You had 6 spell levels left.
You didn't know any spells.
Your spell library was empty.

Dungeon Overview and Level Annotations

Branches:
Dungeon (4/15)
 Temple: D:4-7

Altars:
Ashenzari
Nemelex Xobeh
Qazlal
Zin


Innate Abilities, Weirdness & Mutations

You reflexively headbutt those who attack you in melee.
You have a pair of horns on your head.


Message History

You start resting.
You hear the slow rusting of a distant drain.
You regained 8 hp, and now have 23/57 hp.
There is an escape hatch in the ceiling, spattered with blood here.
Things that are here:
a +1 whip of flaming; a +0 robe You see here a bullfrog corpse.
An orc comes into view.
A hound and a worm come into view.
Found a stone staircase leading down.
The orc hits you.
You take 2 damage, and have 24/57 hp.
You closely miss the orc. Your headbutt misses the orc.
You hit the orc but do no damage. Your headbutt misses the orc.
You barely miss the orc. The orc hits you but does no damage.
You barely miss the orc. The orc closely misses you. You furiously retaliate!
You headbutt the orc!
You kill the orc!
Things that are here:
25 stones; a +0 chain mail; an orc corpse
Okay, then.
A hound is nearby!
The hound closely misses you.
You riposte.
You closely miss the hound. You slash the hound!
The hound is heavily wounded.
The hound completely misses you. You furiously retaliate!
You headbutt the hound!
You kill the hound!
You hit the worm. Lightning courses through the worm!
The worm is almost dead.
You hit the worm.
You feel better.
You kill the worm!
A leopard gecko comes into view.
You regained 3 hp, and now have 31/57 hp.
You hear the rusting of a very distant drain.
The leopard gecko hisses angrily.
Found a scroll labeled MUEM PAWEM.
Found a stone staircase leading down.
The leopard gecko closely misses you.
You miss the leopard gecko. Your headbutt misses the leopard gecko.
The leopard gecko closely misses you.
You riposte.
You barely miss the leopard gecko. Your headbutt misses the leopard gecko.
You barely miss the leopard gecko.
The leopard gecko bites you but does no damage.
You hit the leopard gecko but do no damage.
The leopard gecko bites you.
You take 2 damage, and have 30/57 hp.
You hit the leopard gecko but do no damage.
Your headbutt misses the leopard gecko. The leopard gecko bites you.
You take 5 damage, and have 25/57 hp.
You hit the leopard gecko. Your headbutt misses the leopard gecko.
The leopard gecko is almost dead.
A worker ant comes into view.
The leopard gecko bites you but does no damage.
The worker ant twitches its antennae in your direction.
You hit the leopard gecko.
You kill the leopard gecko!
You slash the worker ant!
The worker ant is heavily wounded.
The worker ant bites you but does no damage.
You closely miss the worker ant.
The worker ant is heavily wounded.
The worker ant bites you but does no damage.
You hit the worker ant but do no damage.
Your headbutt misses the worker ant.
The worker ant is heavily wounded.
The worker ant bites you but does no damage.
You barely miss the worker ant.
The worker ant is heavily wounded.
The worker ant barely misses you. You furiously retaliate!
You headbutt the worker ant!
You kill the worker ant!
Unknown command.
m - 3 scrolls labeled MUEM PAWEM (gained 1)
Found a stone staircase leading up.
You regained 3 hp, and now have 30/57 hp. 4 gnolls come into view.
The gnoll shouts! x3
The gnoll closely misses you.
You regained 2 hp, and now have 32/57 hp.
The gnoll hits you with a +0 halberd!
You take 12 damage, and have 20/57 hp.
MASSIVE DAMAGE!!
You slash the gnoll! Your headbutt misses the gnoll.
The gnoll is severely wounded.
You hit the gnoll but do no damage.
The gnoll is severely wounded.
The gnoll hits you with a +0 halberd!
* * * LOW HITPOINT WARNING * * *
The gnoll hits the gnoll with a +0 halberd!
The gnoll dies!
The gnoll hits you from afar with a +0 spear.
* * * LOW HITPOINT WARNING * * *
You take 19 damage, and have 1/57 hp.
MASSIVE DAMAGE!!
Something closely misses the gnoll.
You feel a bit more experienced.
Okay, then.
You hear the rusting of a very distant drain.
It was a potion of brilliance.
You feel clever all of a sudden. The gnoll hits you with a +0 flail!
You die...

.###...## #.# ##.#...>.#..#
...##.## #.# #..........#
.#.##.# #.# #.#.....#..#
...##.# #.# #.#.....#..#
#..##.# #.# ###.###.###..#
#..##.########.#
#............#
...............#
#.#####..#.#.#
#..####.#####..###.#####.##.#
#..# #...g....g@........##.#
#..# #.#########..##..####.#
#..# #.# #..##......... #...
..# #..##.#####.## #.## ##.#
#..##.# #.# #. #.# #..##.#
...l #.# #..##.# .. #..##.#
#.>...


You could see 2 gnolls.

Vanquished Creatures
  Pikel (D:4)
  A bullfrog (D:4)
  A hound (D:4)
  Ijyb (D:3)
  A worker ant (D:4)
  Robin (D:2)
  4 adders (D:2)
  2 worms
  3 dart slugs
  2 leopard geckos
  An orc (D:4)
  A ball python (D:1)
  2 giant cockroaches
  14 goblins
  13 hobgoblins
  4 jackals (D:2)
  2 quokkas
  8 bats
  5 frilled lizards
  11 kobolds
  6 rats
84 creatures vanquished.

Vanquished Creatures (collateral kills)
  An adder (D:2)
  A rat (D:2)
2 creatures vanquished.

Vanquished Creatures (others)
  2 gnolls (D:4)
2 creatures vanquished.

Grand Total: 88 creatures vanquished

Notes
Turn   | Place    | Note
-------+----------+-------------------------------------------
     0 | D:1      | Irenicus the Minotaur Chaos Knight began the quest for the
                  | Orb.
     0 | D:1      | Reached XP level 1. HP: 19/19 MP: 0/0
    90 | D:1      | Reached skill level 4 in Long Blades
   117 | D:1      | Reached XP level 2. HP: 23/26 MP: 1/1
   156 | D:1      | XOM: silly message
   192 | D:1      | XOM: divination: magic mapping
   232 | D:1      | XOM: silly message
   312 | D:1      | Reached skill level 5 in Long Blades
   419 | D:1      | Reached XP level 3. HP: 22/31 MP: 2/2
   648 | D:2      | XOM: potion effect (heal wounds)
   744 | D:2      | Noticed Robin
   756 | D:2      | Killed Robin
   756 | D:2      | Reached skill level 6 in Long Blades
   756 | D:2      | Reached XP level 4. HP: 18/39 MP: 3/3
   920 | D:2      | XOM: smoke on damage
   945 | D:2      | XOM: cloud trail
  1024 | D:2      | XOM: cast spell 'Summon Ice Beast'
  1140 | D:2      | XOM: cloud trail
  1212 | D:2      | XOM: silly message
  1297 | D:3      | Noticed Ijyb
  1311 | D:3      | Killed Ijyb
  1311 | D:3      | Reached skill level 7 in Long Blades
  1311 | D:3      | Reached XP level 5. HP: 45/45 MP: 4/4
  1472 | D:3      | XOM: noise
  1650 | D:3      | Found a sparkling altar of Nemelex Xobeh.
  1650 | D:3      | Found a glowing silver altar of Zin.
  1650 | D:3      | Found a stormy altar of Qazlal.
  1653 | D:3      | Found a broken altar of Ashenzari.
  1866 | D:4      | XOM: divination: detect creatures
  1869 | D:4      | Noticed a lemure
  1870 | D:4      | Noticed Pikel
  1870 | D:4      | Noticed a lemure
  1872 | D:4      | Noticed a lemure
  1872 | D:4      | Noticed a lemure
  1899 | D:4      | Killed Pikel
  1899 | D:4      | Reached skill level 10 in Long Blades
  1899 | D:4      | Reached XP level 6. HP: 17/51 MP: 5/5
  1899 | D:4      | Reached XP level 7. HP: 19/57 MP: 6/6
  1901 | D:4      | HP: 13/57 [bullfrog (6)]
  1901 | D:4      | HP: 5/57 [bullfrog (8)]
  2094 | D:4      | HP: 7/57 [gnoll/+0 halberd (13)]
  2094 | D:4      | HP: 1/57 [gnoll/+0 spear (6)]
  2116 | D:4      | Slain by a gnoll

Illustrated notes

Levels and vault maps discovered:
D:1:      nzn_arrival_crosshair, layout_loops_ring
D:2:      layout_loops_cross, minmay_randomly_rotated_circles, uniq_robin
D:3:      layout_loops_ring, grunt_temple_overflow_open, uniq_ijyb
D:4:      layout_loops_ring, makhleb_grotto_becter,
          nicolae_ru_great_annihilating_truth, portal_sewer_entry_a,
          st_stairs_3, uniq_blork_the_orc, uniq_menkaure, uniq_pikel

Skill      XL: |  1  2  3  4  5 |
---------------+----------------+-----
Long Blades    | 4 5 6 7 10 | 10.5
Fighting       | |  3.6
Armour         | |  2.4
Dodging        | |  1.1

Action                   |  1- 3 |  4- 6 |  7- 9 || total
-------------------------+-------+-------+-------++-------
Melee: Falchion          |    86 |    71 |    21 ||   178
       Headbutt          |    16 |    12 |     1 ||    29
  Use: Potion            |       |     1 |     1 ||     2
 Stab: Petrified         |     2 |       |       ||     2
       Sleeping          |       |     2 |       ||     2
Armor: Leather armour    |    28 |    19 |     6 ||    53
       Skin              |       |     3 |       ||     3
Dodge: Dodged            |    61 |    40 |     7 ||   108
       Rpst.: Falchion   |    11 |     6 |     2 ||    19

Table legend: (Time is in decaauts)
 A = Elapsed time spent in this place.
 B = Non-inter-level travel time spent in this place.
 C = Inter-level travel time spent in this place.
 D = Time resting spent in this place.
 E = Time spent auto-exploring this place.
 F = Levels seen in this place.
 G = Mean time per level.
                   A        B        C        D        E       F      G
               +--------+--------+--------+--------+--------+-----+--------+
         Total |   2114 |   2065 |     49 |     95 |   1470 |   4 |  528.5 |
       Dungeon |   2114 |   2065 |     49 |     95 |   1470 |   4 |  528.5 |
               +--------+--------+--------+--------+--------+-----+--------+

Top non-repeatable levels by time:
     D:2: 657 daAuts
     D:1: 632 daAuts
     D:3: 504 daAuts
     D:4: 319 daAuts

Table legend:
 A = Kills in this place as a percentage of kills in entire the game.
 B = Kills by you in this place as a percentage of kills by you in the entire game.
 C = Kills by friends in this place as a percentage of kills by friends in the entire game.
 D = Other kills in this place as a percentage of other kills in the entire game.
 E = Experience gained in this place as a percentage of experience gained in the entire game.
 F = Experience gained in this place divided by the number of levels of this place that you have seen.
                   A       B       C       D       E      F
               +-------+-------+-------+-------+-------+----------------------
         Total | 100.0 | 100.0 | 100.0 | 100.0 | 100.0 | 264.5
       Dungeon | 100.0 | 100.0 | 100.0 | 100.0 | 100.0 | 264.5
               +-------+-------+-------+-------+-------+----------------------
